 Dungeon Crawl Stone Soup version 0.27-a0-1256-gced786f65e (webtiles) character file.

Game seed: 2880093651506192119

47238 Zonian the Destroyer (level 14, -6/95 HPs)
             Began as a Human Conjurer on June 10, 2021.
             Was an Initiate of Gozag.
             Mangled by a white ugly thing (29 damage)
             ... on level 13 of the Dungeon.
             The game lasted 01:41:05 (48073 turns).

Zonian the Destroyer (Human Conjurer)              Turns: 48073, Time: 01:41:07

Health: -6/95      AC: 13    Str: 14    XL:     14   Next: 80%
Magic:  20/26      EV: 18    Int: 21    God:    Gozag
Gold:   218        SH:  0    Dex: 14    Spells: 16/30 levels left

rFire    + + .     SeeInvis +   A - +7 war axe (flame)
rCold    . . .     Faith    .   (no shield)
rNeg     . . .     Spirit   .   N - +3 ring mail {rPois}
rPois    +         Reflect  .   (no helmet)
rElec    .         Harm     .   y - scarf {+Inv}
rCorr    .         Rampage  +   q - +0 pair of gloves "Qeibbot" {rF+ Stlth+}
Will     +....                  n - +2 pair of boots {rampage}
Stlth    +++++.....             b - amulet of the acrobat
HPRegen  0.25/turn              H - +6 ring of strength
MPRegen  0.20/turn              p - +4 ring of evasion

@: no status effects
A: see invisible, fire resistance 1, frail 1
a: Renounce Religion, Evoke Invisibility, Potion Petition, Call Merchant, Bribe
Branch


You were on level 13 of the Dungeon.
You worshipped Gozag.
Gozag was aware of your devotion.
You visited 2 branches of the dungeon, and saw 19 of its levels.
You visited the Abyss 1 time.

You collected 4854 gold pieces.
You spent 1183 gold pieces at shops.
You paid 3453 gold pieces to Gozag.

Inventory:

Hand Weapons
 x - a +4 dagger
 A - a +7 war axe of flaming (weapon)
 D - the +6 war axe "Marer" {holy, rElec rPois}
   (You found it on level 10 of the Dungeon)

   It has been blessed by the Shining One to cause great damage to the undead
   and demons.
   It insulates you from electricity.
   It protects you from poison.
 E - a +6 battleaxe
 J - a +0 short sword of speed
Missiles
 f - 7 curare-tipped darts
 m - 80 poisoned darts
 s - 2 silver javelins
 F - 2 boomerangs of dispersal
 G - 5 boomerangs
 W - 3 javelins
Armour
 n - a +2 pair of boots of rampaging (worn)
 q - the +0 pair of gloves "Qeibbot" (worn) {rF+ Stlth+}
   (You acquired it on level 8 of the Dungeon)

   It protects you from fire.
   It makes you more stealthy.
 y - a scarf of invisibility (worn)
 N - a +3 ring mail of poison resistance (worn)
Jewellery
 b - an amulet of the acrobat (around neck)
 j - a +6 ring of dexterity
 p - a +4 ring of evasion (right hand)
 v - a ring of wizardry
 H - a +6 ring of strength (left hand)
 P - a +6 ring of strength
 U - a +4 ring of protection
Wands
 k - a wand of iceblast (2)
 t - a wand of paralysis (21)
 w - a wand of flame (27)
 C - a wand of polymorph (5)
 V - a wand of mindburst (6)
Scrolls
 d - 3 scrolls of magic mapping
 I - 12 scrolls of identify
 M - a scroll of holy word
 O - 2 scrolls of silence
 R - 2 scrolls of amnesia
 Z - a scroll of blinking
Potions
 g - 2 potions of resistance
 l - a potion of haste
 r - 3 potions of cancellation
 B - a potion of flight
 L - 5 potions of curing
 Q - a potion of magic
 Y - 2 potions of brilliance
Miscellaneous
 a - a piece from Xom's chessboard (15/15)


   Skills:
 + Level 8.5 Fighting
 - Level 5.3 Long Blades
 * Level 7.4 Axes
 - Level 4.7 Armour
 + Level 9.0 Dodging
 + Level 9.9 Stealth
 + Level 8.7 Spellcasting
 + Level 10.4 Conjurations
 - Level 3.9 Hexes
 + Level 6.5 Translocations
 + Level 3.9 Fire Magic
 + Level 6.4 Evocations


You had 16 spell levels left.
You knew the following spells:

 Your Spells              Type           Power      Damage    Failure   Level
a - Magic Dart            Conj           100%       1d8       1%          1
b - Searing Ray           Conj           100%       3d7       1%          2
c - Iskenderun's Mystic   Conj/Tloc      44%        2d10      4%          4
d - Dazzling Flash        Conj/Hex       78%        N/A       2%          3
e - Sticky Flame          Conj/Fire      39%        2d6       8%          4

Your spell library contained the following spells:

 Spells                   Type           Power      Damage    Failure   Level
 Apportation              Tloc           72%        N/A       1%          1
 Foxfire                  Conj/Fire      100%       2x1d9     1%          1
 Corona                   Hex            27%        N/A       2%          1
 Conjure Flame            Conj/Fire      39%        6-21      2%          3
 Gell's Gravitas          Tloc           18%        N/A       3%          3
 Stone Arrow              Conj/Erth      62%        3d10      4%          3
 Fulminant Prism          Conj/Hex       19%        3d11      8%          4
 Confusing Touch          Hex            25%        N/A       9%          3
 Inner Flame              Hex/Fire       25%        N/A       9%          3
 Tukima's Dance           Hex            25%        N/A       9%          3
 Ensorcelled Hibernation  Hex/Ice        34%        N/A       10%         2
 Animate Skeleton         Necr           18%        N/A       14%         1
 Pain                     Necr           36%        1d5       14%         1
 Summon Small Mammal      Summ           36%        N/A       14%         1
 Summon Guardian Golem    Hex/Summ       17%        N/A       19%         3
 Fireball                 Conj/Fire      19%        3d9       21%         5
 Call Imp                 Summ           9%         N/A       22%         2
 Corpse Rot               Necr/Air       N/A        N/A       22%         2
 Call Canine Familiar     Summ           9%         N/A       38%         3
 Vampiric Draining        Necr           4%         2d6       38%         3
 Freezing Cloud           Conj/Ice/Air   11%        6-21      67%         5
 Summon Forest            Summ/Tloc      11%        N/A       71%         5
 Animate Dead             Necr           4%         N/A       80%         4
 Ice Form                 Ice/Tmut       9%         N/A       80%         4
 Petrify                  Tmut/Erth      9%         N/A       80%         4
 Summon Ice Beast         Ice/Summ       9%         N/A       80%         4
 Summon Lightning Spire   Summ/Air       9%         N/A       80%         4
 Metabolic Englaciation   Hex/Ice        8%         N/A       87%         5
 Yara's Violent Unravell  Hex/Tmut       8%         3d5       87%         5
 Agony                    Necr           9%         N/A       98%         5
 Eringya's Noxious Bog    Tmut/Pois      4%         N/A       100%        6
 Simulacrum               Ice/Necr       4%         N/A       100%        6
 Ozocubu's Refrigeration  Ice            4%         4d5       100%        7
 Summon Hydra             Summ           4%         N/A       100%        7


Dungeon Overview and Level Annotations

Branches:
Dungeon (13/15)            Temple (0/1) D:5            Lair (6/6) D:8
 Shoals (0/4) Lair:3        Snake (0/4) Lair:3        Slime (0/5) Lair:6
    Orc (0/2) D:12         Vaults (0/5) D:13

Altars:
Gozag
Hepliaklqana
Makhleb
Jiyva

Shops:
D:4 *   D:7 *   D:12 *=(*   D:13 *

Portals:
Hell: Lair:6
Trove: D:10 (give 17 scrolls of teleportation)

Annotations:
D:8 Joseph
D:13 Nessos


Innate Abilities, Weirdness & Mutations

You have supernaturally acute eyesight. (SInv)
Your flesh is heat resistant. (rF+)
You are frail. (-10% HP)


Message History

You rampage towards the white ugly thing!
A brown ugly thing comes into view.
You barely miss the white ugly thing.
The white ugly thing completely misses you.
A green ugly thing comes into view.
The brown ugly thing basks in the mutagenic energy from its kin and changes!
You hit the white ugly thing. You burn the white ugly thing.
The white ugly thing is lightly wounded.
The white ugly thing closely misses you.
You hit the white ugly thing. You burn the white ugly thing.
The white ugly thing is lightly wounded.
The white ugly thing kicks you but does no damage.
You completely miss the white ugly thing.
The white ugly thing is lightly wounded.
The white ugly thing kicks you but does no damage.
You slash the white ugly thing! You burn the white ugly thing.
The white ugly thing is heavily wounded.
The white ugly thing barely misses you.
You slash the white ugly thing! You burn the white ugly thing.
The white ugly thing is severely wounded.
The white ugly thing kicks you. The white ugly thing freezes you!!
The white ugly thing kicks you. The white ugly thing freezes you!!
Unknown command.
Casting: Searing Ray (safe; 1% risk of failure)
Confirm with . or Enter, or press ? or * to list all spells.
Aiming: Searing Ray (safe; 1% risk of failure)
Press: ? - help, Shift-Dir - straight line, f - white ugly thing
Aim: a white ugly thing (severely wounded, 83% to hit)
The searing ray hits the white ugly thing!
The white ugly thing is severely wounded.
The searing ray hits the green ugly thing!
The green ugly thing is lightly wounded.
The searing ray hits the green ugly thing!
The green ugly thing is lightly wounded. (Press . to maintain the ray.)
The white ugly thing kicks you!
* * * LOW HITPOINT WARNING * * *
The white ugly thing freezes you!!
You die...
Your body crumbles into a pile of gold.

.............#
.......u....$#
##..#''####)#
#ยงยง...#.#
#.....#.#
#c....#u#
#.u...#u#
.#.p..c#u#
..#######@# #.
##.# #. #..#
##.## #..#
#.######.##
#........#
#######.## #.#


You could see 3 ugly things.

Vanquished Creatures
  Gastronok (D:12)
  4 hydras
  A catoblepas (D:10)
  2 centaur warriors (D:13)
  A death knight (D:13)
  4 death yaks (Lair:2)
  2 two-headed ogres
  A sun demon (Lair:6)
  Nergalle (D:12)
  A wizard (Lair:6)
  An ugly thing (D:12)
  An elephant (Lair:6)
  7 black mambas
  A smoke demon (Lair:6)
  3 gargoyles
  2 orange demons (Lair:6)
  14 cane toads
  2 torpor snails
  7 komodo dragons
  An unseen horror (D:12)
  A kobold demonologist (D:13)
  4 rime drakes (Lair:6)
  3 ice devils (Lair:6)
  3 polar bears
  4 trolls
  A blink frog (Lair:6)
  6 dream sheep (Lair:3)
  61 yaks
  A shadow (D:11)
  2 basilisks
  2 steam dragons
  10 vampire mosquitoes
  8 water moccasins
  5 hell hounds
  3 nagas (Lair:3)
  2 orc warriors
  A sky beast (D:7)
  2 black bears
  An ice beast (D:5)
  2 necrophages (D:6)
  9 centaurs
  2 ogres
  11 wolves
  2 phantoms (D:5)
  3 kobold brigands
  3 gnoll sergeants
  10 bullfrogs
  A scorpion (D:5)
  9 killer bees
  14 wights
  2 electric eels (D:8)
  3 howler monkeys (D:12)
  2 centaur zombies
  A bullfrog zombie (D:6)
  An iron imp (Abyss:2)
  3 jellies
  5 hounds
  7 orc priests
  A bullfrog skeleton (D:5)
  A centaur skeleton (D:5)
  An iguana (D:5)
  12 orc wizards
  7 hell rats (Lair:2)
  A killer bee zombie (D:5)
  A hound skeleton (D:4)
  A howler monkey zombie (D:9)
  2 howler monkey skeletons
  8 adders
  14 gnolls
  4 white imps
  An ufetubus (D:4)
  An adder skeleton (D:5)
  2 worms
  5 dart slugs
  57 orcs
  8 ball pythons
  2 endoplasms
  2 giant cockroaches (D:1)
  6 goblins
  14 hobgoblins
  5 jackals
  19 kobolds
  3 quokkas
  2 bats
  4 frilled lizards
  7 rats
458 creatures vanquished.

Vanquished Creatures (others)
  41 fungi
  44 plants
85 creatures vanquished.

Grand Total: 543 creatures vanquished

Notes
Turn   | Place    | Note
-------+----------+-------------------------------------------
     0 | D:1      | Zonian the Human Conjurer began the quest for the Orb.
     0 | D:1      | Reached XP level 1. HP: 13/13 MP: 3/3
   211 | D:1      | Reached XP level 2. HP: 15/19 MP: 1/5
  1152 | D:1      | Learned a level 2 spell: Searing Ray
  1767 | D:2      | Reached XP level 3. HP: 24/24 MP: 4/6
  3169 | D:2      | Found a faded altar of an unknown god.
  3179 | D:2      | Became a worshipper of Gozag Ym Sagoz the Greedy
  3254 | D:2      | Reached XP level 4. HP: 30/30 MP: 3/7
  3818 | D:3      | Reached skill level 1 in Long Blades
  3818 | D:3      | Reached XP level 5. HP: 31/36 MP: 1/8
  3911 | D:3      | Reached skill level 5 in Conjurations
  4445 | D:3      | Noticed a water moccasin
  4462 | D:3      | Killed a water moccasin
  4463 | D:3      | Reached skill level 1 in Fighting
  4463 | D:3      | Reached XP level 6. HP: 20/43 MP: 0/10
  5900 | D:4      | Noticed an ogre
  6092 | D:4      | Killed an ogre
  6093 | D:4      | Reached XP level 7. HP: 48/48 MP: 0/12
  6834 | D:4      | Found Tiylile's Assorted Antiques.
  6852 | D:4      | Bought a scroll labelled EXKAH AMMOFU for 21 gold pieces
  6852 | D:4      | Bought a pair of glowing boots for 157 gold pieces
  7121 | D:4      | Reached skill level 6 in Conjurations
  7839 | D:5      | Entered Level 5 of the Dungeon
  7961 | D:5      | Noticed a water moccasin
  7973 | D:5      | Killed a water moccasin
  8265 | D:5      | Reached XP level 8. HP: 41/56 MP: 14/14
  9330 | D:5      | Found a staircase to the Ecumenical Temple.
 10902 | D:6      | Noticed a two-headed ogre
 10909 | D:6      | Killed a two-headed ogre
 10910 | D:6      | Reached skill level 5 in Stealth
 10910 | D:6      | Reached skill level 5 in Spellcasting
 10910 | D:6      | Reached skill level 7 in Conjurations
 10910 | D:6      | Reached XP level 9. HP: 65/65 MP: 7/16
 12317 | D:7      | Found Yffoel's Assorted Antiques.
 12324 | D:7      | Bought a fluorescent wand for 84 gold pieces
 12324 | D:7      | Bought a glowing scarf for 168 gold pieces
 12324 | D:7      | Bought a scroll labelled GECURI WATRE for 21 gold pieces
 12324 | D:7      | Bought a fuming blue potion for 18 gold pieces
 12324 | D:7      | Bought a scroll labelled NOMAOC UGOOKISEBI for 21 gold
                  | pieces
 12324 | D:7      | Bought a bubbling pink potion for 18 gold pieces
 12324 | D:7      | Bought a scroll labelled QET CIYHOC for 21 gold pieces
 12324 | D:7      | Bought a blackened gold wand for 84 gold pieces
 12324 | D:7      | Bought a cyan potion for 18 gold pieces
 12324 | D:7      | Bought a scroll of identify for 42 gold pieces
 12624 | D:7      | Reached skill level 5 in Dodging
 13012 | D:7      | Reached skill level 5 in Long Blades
 13015 | D:7      | Reached XP level 10. HP: 32/73 MP: 6/18
 15018 | D:8      | Reached skill level 1 in Axes
 15380 | D:8      | Reached skill level 5 in Fighting
 15397 | D:8      | Gained mutation: You have supernaturally acute eyesight.
                  | (SInv) [potion of mutation]
 15397 | D:8      | Gained mutation: You are frail. (-10% HP) [potion of
                  | mutation]
 15397 | D:8      | Gained mutation: Your flesh is heat resistant. (rF+)
                  | [potion of mutation]
 16183 | D:8      | Noticed Joseph
 16319 | D:8      | Reached skill level 8 in Conjurations
 16729 | D:8      | Identified a scroll of acquirement
 16729 | D:8      | Acquired the +0 pair of gloves "Qeibbot" {rF+ Stlth+}
 17399 | D:8      | Found a staircase to the Lair.
 17505 | D:8      | Learned a level 4 spell: Iskenderun's Mystic Blast
 18956 | D:10     | Entered Level 10 of the Dungeon
 18985 | D:9      | Noticed a two-headed ogre
 19002 | D:9      | HP: 2/66 [yak (12)]
 19009 | D:9      | Reached skill level 1 in Evocations
 19410 | D:9      | Reached skill level 1 in Translocations
 19411 | D:9      | Reached XP level 11. HP: 40/72 MP: 12/20
 19652 | D:9      | Killed a two-headed ogre
 19846 | D:10     | Noticed a catoblepas
 20202 | Lair:1   | Entered Level 1 of the Lair of Beasts
 22156 | Lair:1   | Learned a level 3 spell: Dazzling Flash
 24886 | Lair:2   | Reached skill level 1 in Armour
 24886 | Lair:2   | Reached XP level 12. HP: 80/80 MP: 15/22
 25362 | Lair:2   | Noticed a catoblepas
 25391 | Lair:2   | Reached skill level 9 in Conjurations
 26172 | Lair:2   | Noticed a death yak
 26172 | Lair:2   | Noticed a death yak
 27002 | Lair:2   | Noticed a death yak
 27007 | Lair:2   | Noticed a death yak
 27016 | Lair:2   | Killed a death yak
 27019 | Lair:2   | Killed a death yak
 27022 | Lair:2   | Killed a death yak
 27034 | Lair:2   | Killed a death yak
 28290 | Lair:3   | Reached skill level 5 in Axes
 29058 | Lair:3   | Reached XP level 13. HP: 86/86 MP: 16/24
 30155 | Lair:3   | Found a staircase to the Shoals.
 30314 | Lair:3   | Found a staircase to the Snake Pit.
 30441 | Lair:3   | Reached skill level 1 in Hexes
 30969 | Lair:4   | Noticed a seven-headed hydra
 31225 | Lair:4   | Learned a level 4 spell: Sticky Flame
 31758 | Lair:4   | Killed a seven-headed hydra
 31759 | Lair:4   | Reached skill level 5 in Translocations
 32295 | Lair:5   | Reached skill level 5 in Evocations
 33684 | Lair:5   | Noticed a catoblepas
 34004 | Lair:5   | Reached skill level 1 in Fire Magic
 35029 | Lair:6   | Entered Level 6 of the Lair of Beasts
 35324 | Lair:6   | Noticed a boulder beetle
 35652 | Lair:6   | Cast into level 2 of the Abyss (a wizard)
 35652 | Abyss:2  | Found a corrupted altar of Lugonu.
 35844 | Lair:6   | Escaped the Abyss
 35951 | Lair:6   | Found a burning altar of Makhleb.
 35959 | Lair:6   | Found a gateway to Hell.
 36656 | Lair:6   | Noticed a four-headed hydra
 37058 | Lair:6   | Reached skill level 10 in Conjurations
 37457 | Lair:6   | Noticed an eight-headed hydra
 38511 | Lair:6   | Reached XP level 14. HP: 47/93 MP: 23/26
 38959 | Lair:6   | Found a viscous altar of Jiyva.
 39047 | Lair:6   | Found a staircase to the Slime Pits.
 39395 | D:10     | Identified the +6 war axe "Marer" {holy, rElec rPois}
 40059 | D:10     | Found a portal to a secret trove of treasure.
 40484 | D:10     | Found a faded altar of an unknown god.
 40485 | D:10     | Found a faded altar of an unknown god.
 40487 | D:10     | Found a hazy altar of Hepliaklqana.
 40487 | D:10     | Found a faded altar of an unknown god.
 40531 | D:10     | Identified the +1 robe of the Delightful Grue {rF- rCorr
                  | Int+10}
 42664 | D:12     | Found Yqawaqur's Antique Weapon Emporium.
 42718 | D:12     | Found a staircase to the Orcish Mines.
 43810 | D:12     | Found Mohinug's General Store.
 43827 | D:12     | Upgraded the game from 0.27-a0-1245-g940ed4fa31 to
                  | 0.27-a0-1256-gced786f65e
 43978 | D:12     | Noticed Nergalle
 44866 | D:12     | Found Finatocs's Jewellery Emporium.
 45205 | D:12     | Found Xesiatax's General Store.
 45689 | D:12     | Bought an amulet of the acrobat for 360 gold pieces
 45803 | D:12     | Killed Nergalle
 46455 | D:12     | Noticed Gastronok
 46553 | D:12     | Killed Gastronok
 46798 | D:13     | Found Iriupta's Assorted Antiques.
 46819 | D:13     | Bought 2 potions of curing for 150 gold pieces
 47043 | D:13     | Noticed Nessos
 47610 | D:13     | Found a gate to the Vaults.
 47610 | D:13     | Noticed an ironbound preserver
 48073 | D:13     | Mangled by a white ugly thing

Illustrated notes

Levels and vault maps discovered:
D:1:      mrwooster_arrival_statue_3, layout_rooms, minmay_misc_feat_pillars
D:2:      layout_loops_ring, hellmonk_ecumenical_altar_arch_garden
D:3:      layout_basic, serial_park_tiny_2
D:4:      minmay_clustersquares, layout_basic, serial_shops,
          nicolae_shop_waterfront
D:5:      layout_basic, temple_statues, serial_park_tiny_pond
D:6:      layout_basic
D:7:      layout_layer_cave, serial_shops, shop, minivault_1
D:8:      layout_basic, erik_lair_island, uniq_joseph
D:9:      layout_basic
D:10:     layout_rooms, nicolae_hepliaklqana_ecumenical_no_more, enter_trove_3,
          serial_aquarium, aquarium_bridge_square [aquarium_subvault_bridge,
          aquarium_subvault_bridge, aquarium_subvault_wall,
          aquarium_subvault_bridge], aquarium_window_fake, aquarium_window_fake,
          aquarium_window_2, aquarium_view_2a, aquarium_pool_1
D:11:     layout_roguey
D:12:     layout_irregular_city, hiddenorc2_lemuel, serial_shops, shop,
          kennysheep_mini, nicolae_shop_waterfront, shop,
          palyth_stone_intersect, chequers_serial_rivers_micro_e,
          hellmonk_bongcloud_opening, uniq_nergalle, uniq_gastronok
D:13:     layout_gridville, skrybe_vaults_entry_preservation, serial_shops,
          nicolae_shop_waterfront, ebering_ghost_gozag, uniq_nessos
Lair:1:   layout_loops_ring, lightli_volcano_entry_magma_tube
Lair:2:   layout_cave_pods
Lair:3:   layout_regular_city, shoals_dummy_entry, guppyfry_snake_entry_garden
Lair:4:   layout_loops_ring, infiniplex_staircase_pool
Lair:5:   layout_big_grid
Lair:6:   evil_forest, layout_cave_shapes, slime_altar_1

Skill      XL: |  1  2  3  4  5  6  7  8  9 10 11 12 13 14 |
---------------+-------------------------------------------+-----
Long Blades    | 1 2 4 5 |  5.3
Conjurations   | 5 6 7 8 9 10 | 10.4
Fighting       | 1 3 4 5 6 7 8 |  8.5
Stealth        | 3 5 6 7 8 9 |  9.9
Spellcasting   | 3 4 5 6 7 8 |  8.7
Dodging        | 3 4 5 6 7 8 9 |  9.0
Axes           | 2 4 5 6 7 |  7.4
Evocations     | 1 3 4 5 6 |  6.4
Translocations | 1 3 4 5 6 |  6.5
Armour         | 1 3 4 |  4.7
Hexes          | 2 3 |  3.9
Fire Magic     | 2 3 |  3.9

Action                   |  1- 3 |  4- 6 |  7- 9 | 10-12 | 13-15 || total
-------------------------+-------+-------+-------+-------+-------++-------
Melee: Long sword        |    24 |    17 |   145 |    25 |       ||   211
       War axe           |       |       |       |   235 |   349 ||   584
Throw: Dart              |       |     1 |       |       |       ||     1
 Cast: Magic Dart        |    47 |    51 |   160 |   178 |   208 ||   644
       Searing Ray       |     2 |     9 |    22 |    88 |    83 ||   204
       Iskenderun's Myst |       |       |       |     1 |    36 ||    37
       Dazzling Flash    |       |       |       |     1 |       ||     1
Invok: Potion Petition   |       |       |       |     2 |     7 ||     9
Evoke: Wand              |       |       |       |    14 |    37 ||    51
       Piece from Xom's  |       |       |       |       |     1 ||     1
  Use: Scroll            |       |     4 |     7 |     9 |    17 ||    37
       Potion            |       |     1 |     1 |     6 |    10 ||    18
 Stab: Sleeping          |     2 |       |       |     1 |     9 ||    12
       Distracted        |       |       |     1 |     2 |     4 ||     7
       Invisible         |       |       |       |     3 |       ||     3
Armor: Robe              |     3 |    17 |    69 |    35 |       ||   124
       Ring mail         |       |       |       |    35 |   178 ||   213
Dodge: Dodged            |    28 |    26 |   156 |   393 |   548 ||  1151
       Rpst.: Long sword |     9 |     8 |    27 |    12 |       ||    56

Table legend: (Time is in decaauts)
 A = Elapsed time spent in this place.
 B = Non-inter-level travel time spent in this place.
 C = Inter-level travel time spent in this place.
 D = Time resting spent in this place.
 E = Time spent auto-exploring this place.
 F = Levels seen in this place.
 G = Mean time per level.
                   A        B        C        D        E       F      G
               +--------+--------+--------+--------+--------+-----+--------+
         Total |  48258 |  47172 |   1086 |  28874 |  10465 |  20 | 2412.9 |
       Dungeon |  29408 |  28692 |    716 |  16434 |   7888 |  13 | 2262.2 |
          Lair |  18656 |  18287 |    369 |  12439 |   2577 |   6 | 3109.3 |
         Abyss |    193 |    193 |      0 |      0 |      0 |   1 |  193.0 |
               +--------+--------+--------+--------+--------+-----+--------+

Top non-repeatable levels by time:
  Lair:2: 4012 daAuts
  Lair:1: 3404 daAuts
  Lair:5: 3180 daAuts
    D:11: 3160 daAuts
     D:7: 3108 daAuts
  Lair:3: 2898 daAuts
    D:12: 2818 daAuts
     D:8: 2641 daAuts
  Lair:6: 2641 daAuts
     D:3: 2612 daAuts
     D:9: 2590 daAuts
  Lair:4: 2520 daAuts
     D:6: 2227 daAuts
     D:5: 2171 daAuts
     D:2: 1985 daAuts
